 Dungeon Crawl Stone Soup version 0.30.1-11-g7821555f0a (webtiles) character file.

Game seed: 3023847668639395605

5038 Goby the Spear-Bearer (level 10, -6/79 (82) HPs)
             Began as a Gnoll Chaos Knight on Nov 7, 2023.
             Was a Plaything of Xom.
             Mangled by a wight
             ... wielding a +3 spear
              (12 damage)
             ... on level 9 of the Dungeon on Nov 10, 2023.
             The game lasted 02:24:16 (10875 turns).

Goby the Spear-Bearer (Gnoll Chaos Knight)         Turns: 10875, Time: 02:24:17

HP:   -6/79 (82)    AC: 11    Str: 22    XL:     10   Next: 55%
MP:   16/16         EV: 13    Int: 20    God:    Xom [..*...]
Gold: 243           SH:  0    Dex:  9    Spells: 16/20 levels left

rFire   . . .        d - +7 falchion "Spiderslayer" {freeze, rCorr}
rCold   x . .        z - orb {mayhem}
rNeg    . . .        E - +2 leather armour {rPois}
rPois   +            (no helmet)
rElec   +            O - +2 cloak {Stlth+}
rCorr   +            (no gloves)
SInv    +            (no boots)
Will    .....        q - amulet "Tarealun" {Acrobat Str+2 SInv}
Stlth   ++++         u - +6 ring of intelligence
HPRegen 0.33/turn    K - ring "Pyfydoh" {Fly rElec rC- rCorr}
MPRegen 0.15/turn

%: mayhem, acrobat
@: flying, lightly drained
A: fangs 2, strong nose, distributed training, iridescent scales 1, low MP 1,
strong 2
a: Renounce Religion


You were on level 9 of the Dungeon.
You worshipped Xom.
You were a toy of Xom.
You visited 1 branch of the dungeon, and saw 9 of its levels.

You collected 540 gold pieces.
You spent 297 gold pieces at shops.

Inventory:

Hand Weapons
 a - a +0 spear of chaos
 b - a +1 short sword of electrocution
 d - the +7 falchion "Spiderslayer" (weapon) {freeze, rCorr}
   (You found it on level 7 of the Dungeon)

   rCorr:     It protects you from acid and corrosion.
 e - a +2 mace of holy wrath
 h - the +2 spear of Indomitability {venom, rElec Int+3}
   (You found it on level 8 of the Dungeon)

   Int:       It affects your intelligence (+3).
   rElec:     It insulates you from electricity.
 s - a +5 short sword of freezing
 v - a +1 hand axe of flaming
 M - a +2 dagger of venom
Missiles
 j - 7 poisoned darts
 l - 4 curare-tipped darts
 y - 24 stones
 J - 2 javelins
Armour
 z - an orb of mayhem (worn)
 E - a +2 leather armour of poison resistance (worn)
 O - a +2 cloak of stealth (worn)
Jewellery
 q - the amulet "Tarealun" (around neck) {Acrobat Str+2 SInv}
   (You found it on level 2 of the Dungeon)

   [amulet of the acrobat]

   It increases your evasion while moving and waiting.
   Str:       It affects your strength (+2).
   SInv:      It lets you see invisible.
 u - a +6 ring of intelligence (left hand)
 K - the ring "Pyfydoh" (right hand) {Fly rElec rC- rCorr}
   (You found it on level 5 of the Dungeon)

   [ring of flight]

   rC:        It makes you vulnerable to cold.
   rElec:     It insulates you from electricity.
   Fly:       It grants you flight.
   rCorr:     It protects you from acid and corrosion.
 L - a ring of magical power
 P - an amulet of regeneration
Wands
 k - a wand of roots (13)
 p - a wand of charming (2)
 t - a wand of flame (24)
 A - a wand of mindburst (3)
 C - a wand of digging (1)
 T - a wand of polymorph (2)
 V - a wand of light (5)
Scrolls
 f - 2 scrolls of amnesia
 i - 2 scrolls of poison
 n - 5 scrolls of noise
 r - a scroll of magic mapping
 w - a scroll of fog
 x - 2 scrolls of identify
 G - 3 scrolls of teleportation
Potions
 g - a potion of mutation
 m - 2 potions of attraction
 o - a potion of ambrosia
 B - a potion of flight {unknown}
 F - a potion of curing
 Q - a potion of brilliance
Miscellaneous
 c - a piece from Xom's chessboard (13/15) (quivered)


   Skills:
 + Level 8.7 Fighting
 + Level 5.6 Short Blades
 + Level 5.6 Long Blades
 + Level 5.6 Axes
 + Level 5.6 Maces & Flails
 + Level 8.7 Polearms
 + Level 5.6 Staves
 + Level 5.6 Ranged Weapons
 + Level 5.6 Throwing
 + Level 7.3 Armour
 + Level 6.2 Dodging
 + Level 5.6 Stealth
 + Level 5.6 Shields
 + Level 5.6 Unarmed Combat
 + Level 5.6 Spellcasting
 + Level 4.6 Conjurations
 + Level 4.6 Hexes
 + Level 4.6 Summonings
 + Level 4.6 Necromancy
 + Level 4.6 Translocations
 + Level 4.6 Transmutations
 + Level 4.6 Fire Magic
 + Level 4.6 Ice Magic
 + Level 4.6 Air Magic
 + Level 4.6 Earth Magic
 + Level 4.6 Poison Magic
 + Level 6.1 Invocations
 + Level 5.6 Evocations


You had 16 spell levels left.
You knew the following spells:

 Your Spells              Type           Power      Damage    Failure   Level
a - Tukima's Dance        Hex            24%        N/A       5%          3
b - Apportation           Tloc           48%        N/A       1%          1

Your spell library contained the following spells:

 Spells                   Type           Power      Damage    Failure   Level
 Sting                    Tmut/Pois      96%        1d7       1%          1
 Poisonous Vapours        Pois/Air       48%        N/A       2%          2
 Ignite Poison            Fire/Tmut/Pois 24%        N/A       5%          3
 Inner Flame              Hex/Fire       24%        N/A       5%          3
 Flame Wave               Conj/Fire      24%        2d8       19%         4
 Olgreb's Toxic Radiance  Pois           24%        N/A       19%         4
 Passage of Golubria      Tloc           24%        N/A       19%         4
 Sticky Flame             Conj/Fire      24%        2d5       19%         4
 Alistair's Intoxication  Tmut/Pois      16%        N/A       45%         5
 Yara's Violent Unravell  Hex/Tmut       12%        3d7       45%         5
 Ignition                 Fire           12%        3d6       100%        8


Dungeon Overview and Level Annotations

Branches:
Dungeon (9/15)             Temple (0/1) D:6             Orc (0/2) D:9
   Lair: D:8-11

Altars:
Ashenzari
Dithmenos
Xom
Lugonu

Shops:
D:7 [([[*

Annotations:
D:7 1 transporter
D:9 4 runed translucent doors


Innate Abilities, Weirdness & Mutations

You have extremely sharp teeth.
Your uncanny sense of smell can sniff out nearby items.
Your experience applies equally to all skills.
You are partially covered in iridescent scales. (AC +2)
Your magical capacity is low. (-10% MP)
Your muscles are very strong. (Str +8, Int/Dex -2)


Message History

The wight hits you with a +5 long sword of freezing.
* * * LOW HITPOINT WARNING * * *
You feel drained.
* * * LOW HITPOINT WARNING * * *
The wight freezes you.
* * * LOW HITPOINT WARNING * * *
You slash the wight!
You destroy the wight!
You start resting.
A wight is nearby!
The wight closely misses you.
You hit the wight but do no damage. The wight completely misses you.
You closely miss the wight. The wight closely misses you.
You slash the wight! You bite the wight, but do no damage.
The wight is heavily damaged.
The wight hits you with a +3 spear!
* * * LOW HITPOINT WARNING * * *
You barely miss the wight.
The wight is heavily damaged.
The wight hits you but does no damage.
You closely miss the wight. You bite the wight, but do no damage.
The wight is heavily damaged.
The wight hits you but does no damage.
You barely miss the wight.
The wight is heavily damaged.
The wight hits you with a +3 spear.
* * * LOW HITPOINT WARNING * * *
You hit the wight.
The wight is heavily damaged.
The wight misses you.
You hit the wight.
The wight is severely damaged.
The wight barely misses you.
You hit the wight.
The wight is almost destroyed.
The wight barely misses you.
You closely miss the wight.
The wight is almost destroyed.
The wight hits you with a +3 spear!
You die...

##########################
.................#...#...#
.................#...#....
.................#......
#######....#######....###
..)...######.....#...##D
......#....#....@#...#.##
......#....#....)z...#..#∆
......#....#..##++##.÷.#
#....##'###..##8uy8#####
#....#.......#8....8# ∆
#....#.......#?....|#
#....'.......#=....[#
#....#.......#8....8# ∆ ∆
#....#.....†.##8..8#####


You could see a white ugly thing, a vampire mosquito and a wight.

Vanquished Creatures
  A centaur warrior (D:9)
  Pikel (D:6)
  A hornet (D:8)
  A shadow (D:9)
  A steam dragon (D:9)
  Menkaure (D:6)
  A warg (D:6)
  A water moccasin (D:7)
  An orc warrior (D:9)
  An ice beast (D:8)
  A centaur (D:9)
  A phantom (D:4)
  A kobold brigand (D:6)
  2 bullfrogs
  4 scorpions
  9 wights
  2 killer bees (D:9)
  3 howler monkeys
  3 hounds
  2 orc priests
  2 gnoll boudas
  3 iguanas (D:4)
  A sleepcap (D:6)
  Natasha (twice) (D:4)
  5 orc wizards
  A river rat (D:1)
  7 adders
  2 white imps
  An ufetubus (D:7)
  A worm (D:3)
  2 dart slugs
  25 orcs
  8 ball pythons
  7 endoplasms
  2 giant cockroaches
  3 hobgoblins
  2 jackals (D:5)
  9 kobolds
  2 quokkas
  4 frilled lizards
  6 goblins
  2 rats
135 creatures vanquished.

Vanquished Creatures (collateral kills)
  A water moccasin (D:7)
  A lemure (D:6)
  3 small abominations (D:7)
  A bullfrog (D:6)
  A scorpion (D:6)
  7 wights
  A howler monkey (D:6)
  A gnoll bouda (D:6)
  An iguana (D:6)
  Natasha (D:4)
  8 gnolls (D:6)
  A shadow imp (D:6)
  7 orcs
  A kobold (D:4)
35 creatures vanquished.

Vanquished Creatures (others)
  2 ugly things (D:7)
  4 dancing weapons
  A centaur (D:8)
  A howler monkey (D:9)
  An adder (D:3)
  An orc (D:6)
  A jackal (D:5)
  A goblin zombie (D:1)
12 creatures vanquished.

Grand Total: 182 creatures vanquished

Notes
Turn   | Place    | Note
-------+----------+-------------------------------------------
     0 | D:1      | Goby the Gnoll Chaos Knight began the quest for the Orb.
     0 | D:1      | Reached XP level 1. HP: 23/23 MP: 1/1
    65 | D:1      | XOM: potion effect (brilliance)
    68 | D:1      | XOM: smoke on damage
    72 | D:1      | Reached XP level 2. HP: 3/29 MP: 2/2
   325 | D:1      | XOM: divination: detect creatures
   330 | D:1      | XOM: divination: detect items
   629 | D:1      | Reached XP level 3. HP: 35/35 MP: 3/3
   912 | D:1      | XOM: god gift: wand of roots (5)
  1057 | D:2      | XOM: scenery: summon butterflies
  1096 | D:2      | Learned a level 3 spell: Tukima's Dance
  1098 | D:2      | XOM: 2-stop teleportation journey
  1317 | D:2      | Reached skill level 1 in Invocations
  1594 | D:2      | Identified the amulet "Tarealun" {Acrobat Str+2 SInv}
  1636 | D:2      | Reached skill level 1 in Short Blades
  1636 | D:2      | Reached skill level 1 in Long Blades
  1636 | D:2      | Reached skill level 1 in Axes
  1636 | D:2      | Reached skill level 1 in Maces & Flails
  1636 | D:2      | Reached skill level 1 in Staves
  1636 | D:2      | Reached skill level 1 in Ranged Weapons
  1636 | D:2      | Reached skill level 1 in Throwing
  1636 | D:2      | Reached skill level 1 in Stealth
  1636 | D:2      | Reached skill level 1 in Shields
  1636 | D:2      | Reached skill level 1 in Unarmed Combat
  1636 | D:2      | Reached skill level 1 in Spellcasting
  1636 | D:2      | Reached skill level 1 in Evocations
  1767 | D:2      | XOM: stat loss: -1 Str (10/11)
  1773 | D:2      | XOM: give mutation
  1773 | D:2      | Gained mutation: You expend magic power (3 MP) to
                  | strengthen your wands. [Xom's grace]
  1988 | D:3      | Reached XP level 4. HP: 37/41 MP: 5/5
  2116 | D:3      | Found a broken altar of Ashenzari.
  2229 | D:3      | XOM: scenery: 1 doors open
  2250 | D:3      | XOM: divine lightning
  2251 | D:3      | Reached skill level 1 in Conjurations
  2251 | D:3      | Reached skill level 1 in Hexes
  2251 | D:3      | Reached skill level 1 in Summonings
  2251 | D:3      | Reached skill level 1 in Necromancy
  2251 | D:3      | Reached skill level 1 in Translocations
  2251 | D:3      | Reached skill level 1 in Transmutations
  2251 | D:3      | Reached skill level 1 in Fire Magic
  2251 | D:3      | Reached skill level 1 in Ice Magic
  2251 | D:3      | Reached skill level 1 in Air Magic
  2251 | D:3      | Reached skill level 1 in Earth Magic
  2251 | D:3      | Reached skill level 1 in Poison Magic
  2316 | D:3      | Found a faded altar of an unknown god.
  2751 | D:3      | XOM: scenery: create altars
  3008 | D:3      | XOM: cloud trail
  3035 | D:4      | Reached XP level 5. HP: 47/47 MP: 7/7
  3124 | D:4      | Learned a level 1 spell: Apportation
  3259 | D:4      | Noticed a phantom
  3285 | D:4      | Killed a phantom
  3286 | D:4      | Reached XP level 6. HP: 48/53 MP: 8/8
  3317 | D:4      | XOM: scenery: create altars
  3326 | D:4      | Reached skill level 5 in Armour
  3450 | D:4      | XOM: divination: detect items
  3461 | D:4      | Noticed Natasha
  3466 | D:4      | XOM: polymorph cerulean imp -> crimson imp
  3474 | D:4      | XOM: scenery: summon butterflies
  3476 | D:4      | XOM: summons 2 friendly demons
  3480 | D:4      | Killed Natasha
  3652 | D:4      | Noticed Natasha
  3676 | D:4      | Killed Natasha
  3730 | D:4      | Xom revived you
  3843 | D:4      | Reached XP level 7. HP: 57/59 MP: 10/10
  3857 | D:4      | XOM: scenery: create altars
  3910 | D:4      | Noticed Natasha
  3917 | D:4      | Killed Natasha
  3917 | D:4      | XOM: give mutations
  3917 | D:4      | Gained mutation: You are somewhat resistant to further
                  | mutation. [Xom's grace]
  3917 | D:4      | Gained mutation: You have extremely sharp teeth. [Xom's
                  | grace]
  3917 | D:4      | Gained mutation: Your flesh is cold resistant. (rC+) [Xom's
                  | grace]
  4200 | D:5      | Entered Level 5 of the Dungeon
  4426 | D:5      | XOM: scenery: 3 doors open, 1 doors close
  4773 | D:5      | Identified the ring "Pyfydoh" {Fly rElec rC- rCorr}
  5006 | D:5      | XOM: scenery: 2 doors open
  5356 | D:6      | Noticed Menkaure
  5362 | D:6      | Killed Menkaure
  5371 | D:6      | Noticed a steam dragon
  5372 | D:6      | a steam dragon changed into a warg
  5372 | D:6      | Noticed a warg
  5372 | D:6      | XOM: polymorph steam dragon -> warg
  5373 | D:6      | XOM: cleaving
  5390 | D:6      | XOM: enchant monster (good)
  5430 | D:6      | Killed a warg
  5476 | D:6      | XOM: divination: detect items
  5579 | D:6      | Lost mutation: Your flesh is cold resistant. (rC+) [potion
                  | of mutation]
  5579 | D:6      | Lost mutation: You expend magic power (3 MP) to strengthen
                  | your wands. [potion of mutation]
  5579 | D:6      | Lost mutation: You are somewhat resistant to further
                  | mutation. [potion of mutation]
  5579 | D:6      | Gained mutation: Your muscles are strong. (Str +4, Int/Dex
                  | -1) [potion of mutation]
  5579 | D:6      | Gained mutation: You are partially covered in iridescent
                  | scales. (AC +2) [potion of mutation]
  5579 | D:6      | Gained mutation: Your muscles are very strong. (Str +8,
                  | Int/Dex -2) [potion of mutation]
  5623 | D:6      | Reached XP level 8. HP: 59/67 MP: 9/12
  5796 | D:6      | XOM: scenery: 1 doors open, 1 doors close
  5912 | D:6      | XOM: scenery: 1 doors close
  6050 | D:6      | XOM: divination: magic mapping
  6052 | D:6      | XOM: divination: magic mapping
  6082 | D:6      | Found a staircase to the Ecumenical Temple.
  6101 | D:6      | Noticed Pikel
  6112 | D:6      | Killed Pikel
  6113 | D:6      | Reached XP level 9. HP: 49/74 MP: 4/15
  6183 | D:6      | Reached skill level 5 in Dodging
  6446 | D:6      | XOM: confuse monster(s)
  6605 | D:7      | Found Ralean's Armour Boutique.
  6608 | D:7      | Found Inidur's General Store.
  6613 | D:7      | Found Rokhleh's Weapon Shop.
  6633 | D:7      | Found Ozaet's Armour Emporium.
  6636 | D:7      | Found Zeok's Antique Armour Boutique.
  6718 | D:7      | XOM: summons 9 friendly demons
  6751 | D:7      | XOM: 5-stop teleportation journey
  6842 | D:7      | Found a transporter.
  6844 | D:7      | Found a transporter.
  6844 | D:7      | Found a corrupted altar of Lugonu.
  6844 | D:7      | Noticed a purple ugly thing
  6844 | D:7      | Noticed a white ugly thing
  6845 | D:7      | Noticed a purple ugly thing
  6909 | D:7      | XOM: silly message
  6916 | D:7      | XOM: divination: magic mapping
  6923 | D:7      | XOM: 1-stop teleportation journey
  6925 | D:7      | Reached skill level 5 in Invocations
  6951 | D:7      | Found a shadowy altar of Dithmenos.
  7135 | D:7      | XOM: 1-stop teleportation journey
  7227 | D:7      | Bought a +1 cloak of stealth for 264 gold pieces
  7390 | D:7      | Bought a scroll of teleportation for 33 gold pieces
  7461 | D:7      | XOM: summons friendly white imp
  7483 | D:7      | XOM: summons 1 hostile demon
  7689 | D:7      | XOM: give mutation
  7689 | D:7      | Gained mutation: Your magical capacity is low. (-10% MP)
                  | [Xom's mischief]
  7765 | D:7      | XOM: noise
  8074 | D:7      | Identified the +7 falchion "Spiderslayer" {freeze, rCorr}
  8076 | D:7      | XOM: noise
  8147 | D:8      | XOM: enchant monster (bad)
  8149 | D:8      | XOM: cleaving
  8164 | D:8      | XOM: enchant monster (good)
  8246 | D:8      | Noticed a hornet
  8247 | D:8      | XOM: cast spell 'Summon Ice Beast'
  8248 | D:8      | XOM: silly message
  8257 | D:8      | Killed a hornet
  8258 | D:8      | Reached skill level 5 in Short Blades
  8258 | D:8      | Reached skill level 5 in Long Blades
  8258 | D:8      | Reached skill level 5 in Axes
  8258 | D:8      | Reached skill level 5 in Maces & Flails
  8258 | D:8      | Reached skill level 5 in Staves
  8258 | D:8      | Reached skill level 5 in Ranged Weapons
  8258 | D:8      | Reached skill level 5 in Throwing
  8258 | D:8      | Reached skill level 5 in Stealth
  8258 | D:8      | Reached skill level 5 in Shields
  8258 | D:8      | Reached skill level 5 in Unarmed Combat
  8258 | D:8      | Reached skill level 5 in Spellcasting
  8258 | D:8      | Reached skill level 5 in Evocations
  8258 | D:8      | Reached XP level 10. HP: 54/81 MP: 8/15
  8386 | D:8      | Identified the +2 spear of Indomitability {venom, rElec
                  | Int+3}
  8420 | D:8      | XOM: 1-stop teleportation journey
  8557 | D:8      | XOM: smoke on damage
  8726 | D:8      | XOM: scenery: create altars
  9039 | D:8      | XOM: scenery: summon butterflies
  9232 | D:8      | XOM: noise
  9400 | D:8      | XOM: cloud trail
  9630 | D:9      | Found a large runed translucent door.
  9631 | D:9      | Found a large runed translucent door.
  9632 | D:9      | Found a large runed translucent door.
  9632 | D:9      | Found a large runed translucent door.
  9636 | D:9      | Noticed a white ugly thing
  9651 | D:9      | XOM: potion effect (invisibility)
  9750 | D:9      | XOM: potion effect (might)
  9775 | D:9      | an orc warrior changed into a glowing shapeshifter
  9775 | D:9      | Noticed a glowing shapeshifter (glowing shapeshifter)
  9775 | D:9      | XOM: polymorph orc warrior -> glowing shapeshifter
  9775 | D:9      | a glowing shapeshifter changed into a sea snake
  9775 | D:9      | Noticed a sea snake (glowing shapeshifter)
  9776 | D:9      | a sea snake changed into a redback
  9777 | D:9      | a redback changed into an eye of devastation
  9777 | D:9      | Noticed an eye of devastation (glowing shapeshifter)
  9778 | D:9      | XOM: enchant monster (good)
  9794 | D:9      | Found a staircase to the Orcish Mines.
 10119 | D:9      | Noticed a moth of wrath
 10235 | D:9      | Noticed a centaur warrior
 10246 | D:9      | XOM: smoke on damage
 10248 | D:9      | HP: 3/80 [centaur warrior/+0 dagger (14)]
 10249 | D:9      | Killed a centaur warrior
 10347 | D:9      | XOM: silly message
 10515 | D:9      | Noticed a manticore
 10516 | D:9      | a manticore changed into a fire crab
 10516 | D:9      | Noticed a fire crab (glowing shapeshifter)
 10518 | D:9      | a fire crab changed into a lindwurm
 10518 | D:9      | Noticed a lindwurm (glowing shapeshifter)
 10765 | D:9      | XOM: potion effect (brilliance)
 10875 | D:9      | Mangled by a wight

Illustrated notes

Levels and vault maps discovered:
D:1:      minmay_arrival_five_plusses, layout_rooms, serial_bayou,
          serial_bayou_crossing, serial_bayou_pond_a, serial_bayou_ford_a,
          serial_bayou_lagoon_b, nicolae_kite_square_tiling_tiny
D:2:      layout_loops_cross, kennysheep_generic_room_8
D:3:      layout_basic, evilmike_ruin_ashenzari,
          hellmonk_ecumenical_altar_run_dry
D:4:      layout_loops_ring, grunt_ministairs_3, uniq_natasha
D:5:      layout_gridville, ebering_dispersal_statue_hall
D:6:      layout_basic, minmay_temple_entry_gardened_gates, minivault_22,
          uniq_menkaure, uniq_pikel
D:7:      gammafunk_corrupted_shrine, layout_loops_corners,
          mainiacjoe_overflow_24_doors, minivault_24,
          nicolae_shop_national_dungeon_mall
D:8:      layout_rooms, supply_closet_lemuel
D:9:      layout_grid_maze, orc_0_dummy, minmay_hollow_rounded_squares

Skill      XL: |  1  2  3  4  5  6  7  8  9 10 |
---------------+-------------------------------+-----
Invocations    | 1 2 3 4 5 6 |  6.1
Short Blades   | 1 2 3 4 5 |  5.6
Long Blades    | 1 2 3 4 5 |  5.6
Axes           | 1 2 3 4 5 |  5.6
Maces & Flails | 1 2 3 4 5 |  5.6
Staves         | 1 2 3 4 5 |  5.6
Ranged Weapons | 1 2 3 4 5 |  5.6
Throwing       | 1 2 3 4 5 |  5.6
Stealth        | 1 2 3 4 5 |  5.6
Shields        | 1 2 3 4 5 |  5.6
Unarmed Combat | 1 2 3 4 5 |  5.6
Spellcasting   | 1 2 3 4 5 |  5.6
Evocations     | 1 2 3 4 5 |  5.6
Conjurations   | 1 2 3 4 |  4.6
Hexes          | 1 2 3 4 |  4.6
Summonings     | 1 2 3 4 |  4.6
Necromancy     | 1 2 3 4 |  4.6
Translocations | 1 2 3 4 |  4.6
Transmutations | 1 2 3 4 |  4.6
Fire Magic     | 1 2 3 4 |  4.6
Ice Magic      | 1 2 3 4 |  4.6
Air Magic      | 1 2 3 4 |  4.6
Earth Magic    | 1 2 3 4 |  4.6
Poison Magic   | 1 2 3 4 |  4.6
Dodging        | 3 4 5 6 |  6.2
Armour         | 5 6 7 |  7.3
Fighting       | 7 8 |  8.7
Polearms       | 7 8 |  8.7

Action                     |  1- 3 |  4- 6 |  7- 9 | 10-12 || total
---------------------------+-------+-------+-------+-------++-------
  Melee: Spear             |    93 |   154 |   128 |     8 ||   383
         Bite              |     9 |    16 |    27 |    17 ||    69
         Punch             |     1 |     2 |       |       ||     3
         Short sword       |       |       |    68 |       ||    68
         Mace              |       |       |    16 |    10 ||    26
         Long sword        |       |       |    16 |       ||    16
         Hand axe          |       |       |    11 |     9 ||    20
         Falchion          |       |       |       |   122 ||   122
  Throw: Stone             |    18 |    11 |     1 |       ||    30
         Dart              |     4 |     1 |       |       ||     5
   Cast: Tukima's Dance    |       |     3 |    17 |     5 ||    25
  Evoke: Piece from Xom's  |     3 |     2 |     4 |     3 ||    12
         Wand              |       |     4 |    14 |       ||    18
    Use: Potion            |     2 |     4 |     7 |     1 ||    14
         Scroll            |     1 |     5 |    10 |     4 ||    20
   Stab: Paralysed         |     1 |       |       |       ||     1
         Sleeping          |     1 |     2 |     6 |     3 ||    12
         Confused          |       |     1 |       |       ||     1
         Petrified         |       |     2 |       |       ||     2
         Distracted        |       |       |     2 |     2 ||     4
         Invisible         |       |       |       |     3 ||     3
 Armour: Leather armour    |    17 |    31 |    71 |    53 ||   172
         Skin              |       |       |     6 |       ||     6
  Dodge: Dodged            |    33 |    72 |   206 |   165 ||   476
